 Dungeon Crawl Stone Soup version 0.30.0-19-g36f170ea60 (webtiles) character file.

Game seed: 16637399650113088978

186 wingedge the Conjurer (level 5, -1/40 HPs)
             Began as a Demigod Conjurer on May 29, 2023.
             Slain by a gnoll
             ... wielding a +0 spear of venom
              (5 damage)
             ... on level 3 of the Dungeon.
             The game lasted 00:10:56 (2487 turns).

wingedge the Conjurer (Demigod Conjurer)            Turns: 2487, Time: 00:10:56

Health: -1/40      AC:  7    Str: 12    XL:     5   Next: 15%
Magic:  10/12      EV: 11    Int: 20    God:
Gold:   107        SH:  0    Dex: 18    Spells: 6/9 levels left

rFire   . . .        v - +2 dagger (freeze)
rCold   . . .        (no shield)
rNeg    . . .        k - +0 ring mail
rPois   .            (no helmet)
rElec   .            l - +0 cloak
rCorr   .            (no gloves)
SInv    .            o - +0 pair of boots
Will    +....        (no amulet)
Stlth   ++           i - ring of willpower
HPRegen 0.26/turn    n - +6 ring of dexterity
MPRegen 0.13/turn

%: no passive effects
@: lethally poisoned (-1 -> -17)
A: high MP 1, forlorn, divine attributes
a: no special abilities


You were on level 3 of the Dungeon.
You visited 1 branch of the dungeon, and saw 3 of its levels.
You also visited: Sewer.

You collected 107 gold pieces.

Inventory:

Hand Weapons
 v - a +2 dagger of freezing (weapon)
Missiles
 u - 6 poisoned darts (quivered)
Armour
 a - a +0 robe
 k - a +0 ring mail (worn)
 l - a +0 cloak (worn)
 o - a +0 pair of boots (worn)
Jewellery
 i - a ring of willpower (left hand)
 n - a +6 ring of dexterity (right hand)
Scrolls
 d - 4 scrolls of identify {unknown}
 e - 4 scrolls of teleportation {unknown}
 h - 4 scrolls of fog {unknown}
 j - a scroll of magic mapping {unknown}
 m - a scroll of noise {unknown}
 p - a scroll of amnesia {unknown}
 x - a scroll of enchant weapon {unknown}
Potions
 c - a potion of cancellation {unknown}
 g - 2 potions of might {unknown}
 q - 2 potions of invisibility {unknown}
 r - 2 potions of mutation {unknown}
 s - a potion of attraction {unknown}
 t - a potion of haste {unknown}
 w - 2 potions of experience {unknown}


   Skills:
 + Level 1.2 Fighting
 * Level 1.5 Armour
 - Level 2.0 Dodging
 - Level 2.0 Stealth
 * Level 2.8 Spellcasting
 * Level 4.4 Conjurations
 + Level 1.5 Hexes


You had 6 spell levels left.
You knew the following spells:

 Your Spells              Type           Power      Damage    Failure   Level
a - Magic Dart            Conj           80%        1d7       5%          1
b - Searing Ray           Conj           40%        2d5       8%          2

Your spell library contained the following spells:

 Spells                   Type           Power      Damage    Failure   Level
 Dazzling Flash           Conj/Hex       28%        N/A       28%         3
 Fulminant Prism          Conj/Hex       7%         3d7       67%         4
 Iskenderun's Mystic Bla  Conj/Tloc      11%        2d4       78%         4


Dungeon Overview and Level Annotations

Branches:
Dungeon (3/15)              Sewer (visited)

Shops:
D:2 *[


Innate Abilities, Weirdness & Mutations

You have an increased reservoir of magic. (+10% MP)
You shall have no god before yourself.
Your divine heritage dramatically boosts your attributes as you level up.


Message History

The gnoll hits you with a +0 spear of venom.
You are lethally poisoned!
You feel extremely sick. The gnoll barely misses you.
You feel very sick.
* * * LOW HITPOINT WARNING * * *
You feel very sick.
You feel much better.
You feel very sick.
The gnoll hits you from afar with a +0 spear of venom.
You are more poisoned.
You feel very sick.
* * * LOW HITPOINT WARNING * * *
You feel very sick.
There is a dry fountain here.
* * * LOW HITPOINT WARNING * * *
You feel sick.
* * * LOW HITPOINT WARNING * * *
You feel very sick.
* * * LOW HITPOINT WARNING * * *
You feel sick.
You feel much better.
You feel sick.
The gnoll hits you from afar with a +0 spear of venom.
You are more poisoned.
You feel sick. Magic courses through your body.
You feel sick.
The gnoll hits you from afar with a +0 spear of venom.
* * * LOW HITPOINT WARNING * * *
You are lethally poisoned!
Casting: Magic Dart (safe; 5% risk of failure)
Confirm with . or Enter, or press ? or * to list all spells.
Aiming: Searing Ray (safe; 8% risk of failure)
Press: ? - help, Shift-Dir - straight line, f/p - gnoll
Aim: a gnoll, wielding a +0 spear of venom (severely wounded, 81% to hit)
The searing ray hits the gnoll.
The gnoll is almost dead. (Press . to maintain the ray.)
* * * LOW HITPOINT WARNING * * *
You feel very sick.
The gnoll hits you from afar with a +0 spear of venom.
You die...

~..#..............
...#####................
....# #................
.....#####'####.........
.............##.........
....######............#
........##).........#.#
......................##
................@.......
.......)..........#..#..
.......⌠.....g.........
..............#.#...#..
.........>.⌠..........
.......................
####...⌠......##.###.#.
#............... .#
####.########.###


You could see a gnoll.

Vanquished Creatures
  Jessica (D:2)
  6 gnolls
  2 adders
  A worm (D:2)
  A dart slug (D:2)
  8 bats
  6 endoplasms
  8 giant cockroaches
  6 goblins
  2 hobgoblins
  2 quokkas (D:1)
  7 ball pythons
  3 frilled lizards
  20 kobolds
  9 rats
82 creatures vanquished.

Notes
Turn   | Place    | Note
-------+----------+-------------------------------------------
     0 | D:1      | wingedge the Demigod Conjurer began the quest for the Orb.
     0 | D:1      | Reached XP level 1. HP: 14/14 MP: 5/5
   308 | D:1      | Reached XP level 2. HP: 20/20 MP: 4/7
   311 | D:1      | Learned a level 2 spell: Searing Ray
   939 | D:2      | Found Riobull's General Store.
  1143 | D:2      | Reached XP level 3. HP: 27/27 MP: 3/8
  1259 | D:2      | Reached skill level 4 in Conjurations
  1270 | D:2      | Reached skill level 1 in Hexes
  1421 | D:2      | Found Aduafyuq's Antique Armour Emporium.
  1491 | D:2      | Reached XP level 4. HP: 34/34 MP: 7/10
  1597 | D:2      | Noticed Jessica
  1640 | D:2      | Killed Jessica
  1641 | D:2      | Reached skill level 1 in Fighting
  1641 | D:2      | Reached skill level 1 in Armour
  1843 | D:3      | Found a glowing drain.
  1919 | Sewer    | Entered a sewer
  2464 | D:3      | Reached XP level 5. HP: 39/40 MP: 7/12
  2487 | D:3      | Slain by a gnoll

Illustrated notes

Levels and vault maps discovered:
D:1:      dpeg_arrival_refuge, layout_rooms,
          shapermc_ecumenical_altar_mp_ritualfount
D:2:      layout_loops_ring, basic_altar, serial_shops, shop, shop, uniq_jessica
D:3:      minmay_bubble_buster, layout_basic, portal_sewer_entry_a,
          grunt_ministairs_1, nicolae_grassy_gnolls, uniq_crazy_yiuf_cottage

Skill      XL: |  1  2  3  4 |
---------------+-------------+-----
Stealth        | 2 |  2.0
Dodging        | 2 |  2.0
Spellcasting   | 2 |  2.8
Conjurations   | 4 |  4.4
Hexes          | 1 |  1.5
Fighting       | 1 |  1.2
Armour         | 1 |  1.5

Action                     |  1- 3 |  4- 6 || total
---------------------------+-------+-------++-------
  Melee: Dagger            |     1 |    22 ||    23
         Spear             |    16 |    19 ||    35
         Flail             |     3 |       ||     3
         Punch             |     1 |       ||     1
   Cast: Magic Dart        |    45 |     2 ||    47
         Searing Ray       |     9 |    18 ||    27
    Use: Potion            |       |     4 ||     4
   Stab: Sleeping          |     2 |       ||     2
         Distracted        |       |     1 ||     1
 Armour: Robe              |     1 |       ||     1
         Ring mail         |     5 |    20 ||    25
  Dodge: Dodged            |    16 |    39 ||    55
